 Dungeon Crawl Stone Soup version 0.27-a0-1296-g8ece459b43 (webtiles) character file.

Game seed: 5869516741526403594

1443 Delamore the Cruncher (level 9, -10/68 HPs)
             Began as a Formicid Fighter on June 16, 2021.
             Was an Initiate of Gozag.
             Mangled by Harold (11 damage)
             ... on level 7 of the Dungeon.
             The game lasted 00:05:40 (5424 turns).

Delamore the Cruncher (Formicid Fighter)            Turns: 5424, Time: 00:05:41

Health: -10/68     AC:  9    Str: 22 (24) XL:     9   Next: 4%
Magic:  15/15      EV:  6    Int: 18 (20) God:    Gozag
Gold:   296        SH: 10    Dex:  9 (10) Spells: 8/8 levels left

rFire    . . .     SeeInvis +   o - +6 Majin-Bo {vamp, MP+6 Int+6}
rCold    . . .     Faith    .   c - +1 kite shield
rNeg     . . .     Spirit   .   n - +0 chain mail
rPois    .         Reflect  .   (helmet unavailable)
rElec    .         Harm     .   (no cloak)
rCorr    .         Rampage  .   (no gloves)
Will     +....                  (no boots)
Stlth    ..........             e - amulet of magic regeneration
HPRegen  0.21/turn              h - ring of willpower
MPRegen  0.39/turn              r - +6 ring of intelligence

@: flying
A: permanent stasis, dig shafts and tunnels, antennae 3, four strong arms
a: Dig, Shaft Self, Renounce Religion, Potion Petition, Call Merchant, Bribe
Branch


You were on level 7 of the Dungeon.
You worshipped Gozag.
Gozag was aware of your devotion.
You visited 1 branch of the dungeon, and saw 7 of its levels.

You collected 480 gold pieces.
You spent 110 gold pieces at shops.
You paid 74 gold pieces to Gozag.

Inventory:

Hand Weapons
 a - a +0 vorpal trident
 o - the +6 Majin-Bo (weapon) {vamp, MP+6 Int+6}
   (You found it on level 3 of the Dungeon)

   It inflicts no extra harm, but heals its wielder when it wounds a living foe.
   It affects your intelligence (+6).
   It affects your magic capacity (+6).
Missiles
 g - 20 poisoned darts (quivered)
 m - 9 boomerangs
 v - 6 javelins
 B - 2 throwing nets
 C - a curare-tipped dart
Armour
 b - a +0 scale mail
 c - a +1 kite shield (worn)
 n - a +0 chain mail (worn)
Jewellery
 e - an amulet of magic regeneration (around neck)
 h - a ring of willpower (left hand)
 r - a +6 ring of intelligence (right hand)
 x - a ring of magical power
Wands
 q - a wand of polymorph (13)
 t - a wand of flame (15)
 w - a wand of charming (9)
Scrolls
 f - 3 scrolls of teleportation
 j - a scroll of fog
 k - a scroll of fear
 l - a scroll of noise
 p - 3 scrolls of magic mapping
 y - 2 scrolls of amnesia
 D - a scroll of identify
Potions
 d - a potion of might
 i - 3 potions of lignification
 u - 2 potions of ambrosia


   Skills:
 - Level 5.0 Fighting
 - Level 4.3(6.9) Polearms
 * Level 8.4(8.9) Staves
 + Level 4.2 Armour
 + Level 4.6 Shields


You had 8 spell levels left.
You didn't know any spells.
Your spell library was empty.

Dungeon Overview and Level Annotations

Branches:
Dungeon (7/15)             Temple (0/1) D:7

Altars:
Ashenzari
Cheibriados
Gozag
Makhleb
Ru
Sif Muna
Trog
Uskayaw
The Shining One

Shops:
D:2 ?   D:4 ??

Annotations:
D:7 Harold


Innate Abilities, Weirdness & Mutations

You cannot be hasted, slowed, berserked, paralysed or teleported.
You can dig through walls and to a lower floor.
You have a pair of large antennae on your head. (SInv)
Your four strong arms can wield two-handed weapons with a shield.


Message History

Harold hits you with a +0 battleaxe.
You hit Harold.
Harold is heavily wounded.
Harold hits you with a +0 battleaxe.
You hit Harold.
You feel better.
Harold is heavily wounded.
Harold hits you with a +0 battleaxe!!
* * * LOW HITPOINT WARNING * * *
You are too injured to fight recklessly!
You hit Harold.
Harold is severely wounded.
Harold completely misses you.
You hit Harold.
You feel better.
Harold is severely wounded.
Harold hits you with a +0 battleaxe!!
* * * LOW HITPOINT WARNING * * *
Okay, then.
You extend your mandibles.
You dig through the rock wall.
It was a potion of curing.
You feel better. Harold barely misses you.
It was a potion of degeneration.
There was something very wrong with that liquid.
You feel weakened.
You feel dopey.
You feel clumsy. You block Harold's attack.
It was a potion of flight.
You feel very buoyant.
You fly up into the air.
Harold hits you with a +0 battleaxe.
* * * LOW HITPOINT WARNING * * *
You feel better. You block Harold's attack.
You retract your mandibles.
You sock Harold!
You feel better.
Harold is almost dead.
Harold hits you with a +0 battleaxe.
* * * LOW HITPOINT WARNING * * *
You sock Harold!
You feel better.
Harold is almost dead.
Harold hits you with a +0 battleaxe!!
* * * LOW HITPOINT WARNING * * *
Harold hits you with a +0 battleaxe!
You die...
Your body crumbles into a pile of gold.

####### ######......
###########........###
#...........####.#.#
#.######.........#.###
#.#Y####.#########....
#.(#@@##.# #.<...
#.######.# ##.### #.#
#.# #.# #.###.######.#
#.# #...........# #.#
#.###@...#...# ..#
##(..# ..# ### #..Y##
#......


You could see Harold and an ice beast.

Vanquished Creatures
  Sigmund (D:4)
  2 water moccasins
  An ogre (D:5)
  A centaur (D:6)
  A kobold brigand (D:6)
  2 scorpions
  A howler monkey (D:6)
  A centaur zombie (D:4)
  A bullfrog zombie (D:5)
  2 hounds (D:4)
  3 orc priests
  A bullfrog skeleton (D:4)
  An iron imp (D:5)
  3 centaur skeletons
  Jessica (D:2)
  2 iguanas
  2 orc wizards (D:6)
  A hound skeleton (D:4)
  9 adders
  A white imp (D:6)
  An adder skeleton (D:4)
  19 orcs
  2 bats (D:2)
  4 endoplasms
  2 giant cockroaches
  6 goblins
  3 hobgoblins
  9 jackals
  3 quokkas
  8 ball pythons
  7 frilled lizards
  11 kobolds
  3 rats
115 creatures vanquished.

Notes
Turn   | Place    | Note
-------+----------+-------------------------------------------
     0 | D:1      | Delamore the Formicid Fighter began the quest for the Orb.
     0 | D:1      | Reached XP level 1. HP: 18/18 MP: 1/1
   231 | D:1      | Reached XP level 2. HP: 17/24 MP: 2/2
   533 | D:1      | Found a faded altar of an unknown god.
  1017 | D:2      | Reached XP level 3. HP: 19/30 MP: 3/3
  1962 | D:2      | Found Seckid's Magic Scroll Shop.
  1969 | D:2      | Bought a scroll of fog for 20 gold pieces
  1969 | D:2      | Bought a scroll of fear for 35 gold pieces
  1969 | D:2      | Bought a scroll of noise for 10 gold pieces
  2028 | D:2      | Noticed Jessica
  2033 | D:2      | Reached XP level 4. HP: 37/37 MP: 4/4
  2037 | D:2      | Killed Jessica
  2168 | D:3      | Reached XP level 5. HP: 31/43 MP: 5/5
  2381 | D:3      | Found a burning altar of Makhleb.
  2441 | D:3      | Found the +6 Majin-Bo {vamp, MP+6 Int+6}
  2777 | D:4      | Reached skill level 1 in Staves
  2788 | D:4      | Reached XP level 6. HP: 47/49 MP: 6/6
  2817 | D:4      | Found Rilim's Magic Scroll Emporium.
  2825 | D:4      | Bought a scroll of magic mapping for 45 gold pieces
  2900 | D:4      | Reached skill level 2 in Staves
  2912 | D:4      | Noticed Sigmund
  2927 | D:4      | Killed Sigmund
  2928 | D:4      | Reached skill level 5 in Fighting
  2928 | D:4      | Reached skill level 4 in Staves
  2928 | D:4      | Reached XP level 7. HP: 45/56 MP: 7/7
  3014 | D:4      | Found Piqosuh's Magic Scroll Boutique.
  3172 | D:4      | Found a glowing golden altar of the Shining One.
  3478 | D:5      | Entered Level 5 of the Dungeon
  3489 | D:5      | Found a bloodstained altar of Trog.
  3551 | D:5      | Found a snail-covered altar of Cheibriados.
  3563 | D:5      | Reached skill level 5 in Staves
  3764 | D:5      | Found a shimmering blue altar of Sif Muna.
  3941 | D:5      | Found a faded altar of an unknown god.
  3941 | D:5      | Found a faded altar of an unknown god.
  3949 | D:5      | Found a broken altar of Ashenzari.
  3951 | D:5      | Found an opulent altar of Gozag.
  3953 | D:5      | Found a hide-covered altar of Uskayaw.
  3957 | D:5      | Became a worshipper of Gozag Ym Sagoz the Greedy
  4024 | D:5      | Noticed a water moccasin
  4031 | D:5      | Killed a water moccasin
  4032 | D:5      | Reached skill level 6 in Staves
  4032 | D:5      | Reached XP level 8. HP: 62/62 MP: 8/8
  4513 | D:5      | Reached skill level 7 in Staves
  4722 | D:6      | Found a sacrificial altar of Ru.
  4966 | D:6      | Found the +2 hood of the Assassin {Detection Stab+ Stlth++}
  4984 | D:6      | Reached skill level 8 in Staves
  5358 | D:7      | Reached XP level 9. HP: 68/68 MP: 9/9
  5391 | D:7      | Found a staircase to the Ecumenical Temple.
  5393 | D:7      | Noticed Harold
  5417 | D:7      | HP: 1/68 [Harold (22)]
  5424 | D:7      | HP: 1/68 [Harold (22)]
  5424 | D:7      | Mangled by Harold

Illustrated notes

Levels and vault maps discovered:
D:1:      lightli_arrival_farm, layout_basic, hellmonk_ecumenical_altar_zigzags
D:2:      layout_basic, serial_shops, shop, uniq_jessica
D:3:      layout_rooms, nicolae_overflow_crystal_walls, minmay_checkerbox
D:4:      layout_loops_ring, marbit_many_paths, serial_shops, shop, shop,
          st_stairs_4, dk_noncrumbling_4, uniq_sigmund
D:5:      layout_basic, trog_three_pillars_becter, slow_altar_1,
          overflow_temple_1_default, chequers_temple_overflow_minitemple
D:6:      layout_cave_pools, nicolae_ru_awakened_eye, corexii_hall_statues_x
D:7:      layout_loops_ring, minmay_temple_entry_tees, kennysheep_minor_cross,
          uniq_harold

Skill      XL: |  1  2  3  4  5  6  7  8 |
---------------+-------------------------+-----
Polearms       | 3 4 |  4.3
Fighting       | 4 5 |  5.0
Staves         | 1 4 6 8 |  8.4
Shields        | 4 |  4.6
Armour         | 4 |  4.2

Action                   |  1- 3 |  4- 6 |  7- 9 || total
-------------------------+-------+-------+-------++-------
Melee: Trident           |    91 |    71 |       ||   162
       Quarterstaff      |       |    41 |   159 ||   200
Throw: Dart              |       |       |     7 ||     7
 Abil: Dig               |       |       |     3 ||     3
  Use: Scroll            |     3 |     2 |     6 ||    11
       Potion            |       |       |     4 ||     4
Armor: Scale mail        |    20 |     5 |       ||    25
       Chain mail        |       |    56 |    65 ||   121
Dodge: Dodged            |    26 |    28 |    50 ||   104
Block: Kite shield       |    37 |    80 |   118 ||   235

Table legend: (Time is in decaauts)
 A = Elapsed time spent in this place.
 B = Non-inter-level travel time spent in this place.
 C = Inter-level travel time spent in this place.
 D = Time resting spent in this place.
 E = Time spent auto-exploring this place.
 F = Levels seen in this place.
 G = Mean time per level.
                   A        B        C        D        E       F      G
               +--------+--------+--------+--------+--------+-----+--------+
         Total |   5524 |   5306 |    218 |    143 |   4285 |   7 |  789.1 |
       Dungeon |   5524 |   5306 |    218 |    143 |   4285 |   7 |  789.1 |
               +--------+--------+--------+--------+--------+-----+--------+

Top non-repeatable levels by time:
     D:2: 1163 daAuts
     D:1: 968 daAuts
     D:5: 909 daAuts
     D:4: 907 daAuts
     D:6: 803 daAuts
     D:3: 702 daAuts
     D:7: 71 daAuts
